 Dungeon Crawl Stone Soup version 0.30-a0-777-ga9a30cbeda (webtiles) character file.

Game seed: 4421188388953557668

2062 sanka the Geomancer (level 8, -1/68 HPs)
             Began as a Demigod Earth Elementalist on Feb 14, 2023.
             Slain by a boulder beetle (39 damage)
             ... on level 7 of the Dungeon.
             The game lasted 00:08:38 (6200 turns).

sanka the Geomancer (Demigod Earth Elementalist)    Turns: 6200, Time: 00:08:39

Health: -1/68      AC:  6    Str: 15    XL:     8   Next: 76%
Magic:  2/15       EV: 19    Int: 25    God:
Gold:   377        SH:  0    Dex: 14    Spells: 5/13 levels left

rFire   . . .      SeeInvis .    a - +0 trident (heavy)
rCold   . . .      Faith    .    (no shield)
rNeg    + . .      Spirit   .    z - +2 robe {rN+}
rPois   .          Reflect  .    u - +0 helmet
rElec   .          Harm     .    (no cloak)
rCorr   .          Rampage  .    w - +0 pair of gloves
Will    .....                    (no boots)
Stlth   ++                       (no amulet)
HPRegen 0.31/turn                E - +6 ring of strength
MPRegen 0.14/turn                o - +5 ring of evasion

@: very slightly contaminated
A: high MP 1, forlorn, divine attributes
a: no special abilities


You were on level 7 of the Dungeon.
You visited 1 branch of the dungeon, and saw 7 of its levels.

You collected 377 gold pieces.


Innate Abilities, Weirdness & Mutations

You have an increased reservoir of magic. (+10% MP)
You shall have no god before yourself.
Your divine heritage dramatically boosts your attributes as you level up.


   Skills:
 + Level 5.0 Fighting
 + Level 5.5 Dodging
 - Level 1.7 Stealth
 - Level 3.0 Spellcasting
 - Level 0.8 Transmutations
 - Level 8.0 Earth Magic


You had 5 spell levels left.
You knew the following spells:

 Your Spells              Type           Power      Damage    Failure   Level
x - Stone Arrow           Conj/Erth      46%        3d9       6%          3
y - Poisonous Vapours     Pois/Air       6%         N/A       16%         2
z - Sandblast             Erth           86%        2d18      1%          1
N - Passwall              Tmut/Erth      20%        N/A       2%          2

Your spell library contained the following spells:

 Spells                   Type           Power      Damage    Failure   Level
 Beastly Appendage        Tmut           16%        N/A       7%          1
 Wereblood                Tmut           8%         N/A       11%         2
 Cigotuvi's Dreadful Rot  Necr/Pois/Air  6%         N/A       16%         2
 Petrify                  Tmut/Erth      25%        N/A       16%         4
 Spider Form              Tmut/Pois      5%         N/A       26%         3
 Gell's Gravitas          Tloc           3%         N/A       30%         3
 Mephitic Cloud           Conj/Pois/Air  3%         N/A       30%         3
 Teleport Other           Tloc           3%         N/A       30%         3
 Tukima's Dance           Hex            3%         N/A       30%         3
 Manifold Assault         Tloc           3%         N/A       69%         4
 Passage of Golubria      Tloc           3%         N/A       69%         4
 Yara's Violent Unravell  Hex/Tmut       2%         3d3       93%         5
 Dispersal                Tloc           1%         N/A       100%        6
 Disjunction              Tloc           1%         N/A       100%        8

Inventory:

Hand Weapons
 a - a +0 heavy trident (weapon)
 f - a +0 short sword
Missiles
 F - 2 throwing nets {=f}
Armour
 u - a +0 helmet (worn)
 w - a +0 pair of gloves (worn)
 z - a +2 robe of positive energy (worn)
Magical Staves
 y - a staff of fire
Jewellery
 o - a +5 ring of evasion (right hand)
 E - a +6 ring of strength (left hand)
Wands
 A - a wand of polymorph (12)
Scrolls
 e - a scroll of magic mapping {unknown}
 g - 3 scrolls of poison {unknown}
 i - 2 scrolls of fog {unknown}
 j - 7 scrolls of identify {unknown}
 l - 2 scrolls of noise {unknown}
 m - 2 scrolls of summoning {unknown}
 r - a scroll of vulnerability {unknown}
 s - 4 scrolls of teleportation {unknown}
 t - a scroll of amnesia {unknown}
 x - a scroll of immolation {unknown}
 D - a scroll of enchant weapon {unknown}
Potions
 b - a potion of magic
 c - 8 potions of curing {unknown}
 d - 2 potions of cancellation {unknown}
 h - a potion of ambrosia {unknown}
 k - a potion of flight {unknown}
 n - a potion of invisibility {unknown}
 p - a potion of attraction {unknown}
 q - 2 potions of degeneration {unknown}
 v - 2 potions of brilliance {unknown}
 B - 2 potions of mutation {unknown}
 C - a potion of might {unknown}

Dungeon Overview and Level Annotations

Branches:
Dungeon (7/15)             Temple (0/1) D:5

Shops:
D:5 ! D:6

[
▒.......)..▒.....▒
▒.....)....▒.......
▒..........▒.....▒▒
▒.......)..▒...▒▒▒
▒▒▒▒▒▒▒▒'▒▒▒..<.
▒°▒ ..... ▒°▒
...... ▒B▒ ▒p▒ ▒.▒
▒.▒ ▒)▒ ▒)▒ ▒.▒
.▒▒▒▒▒ ▒.▒ ......
▒.▒▒▒▒▒▒▒▒▒▒▒▒▒▒▒▒
▒.................


You could see a boulder beetle (rolling, poisoned).


Message History

You are very lightly contaminated with residual magic.
Nothing appears to happen.
The boulder beetle completely misses you.
Aiming: Poisonous Vapours (safe; 16% risk of failure)
Aim: a boulder beetle (moderately wounded, poisoned) Poisonous vapours surround the boulder beetle!
The boulder beetle looks even sicker.
The boulder beetle bites you!
Aiming: Poisonous Vapours (safe; 16% risk of failure)
Aim: a boulder beetle (moderately wounded, very poisoned)
You miscast Poisonous Vapours.
Nothing appears to happen.
The boulder beetle misses you.
Aiming: Stone Arrow (dangerous; 6% risk of failure)
Aim: a boulder beetle (heavily wounded, very poisoned, 100% to hit)
You miscast Stone Arrow.
Nothing appears to happen.
The boulder beetle completely misses you.
Aiming: Stone Arrow (dangerous; 6% risk of failure)
Aim: a boulder beetle (heavily wounded, very poisoned, 100% to hit)
The stone arrow hits the boulder beetle!
The boulder beetle is severely wounded.
The boulder beetle barely misses you.
The boulder beetle attacks as you move away!
The boulder beetle closely misses you.
The boulder beetle curls into a ball and begins rolling!
The boulder beetle attacks as you move away!
The boulder beetle hits you!!!
Ouch! That really hurt!
You die...

Action                     |  1- 3 |  4- 6 |  7- 9 || total
---------------------------+-------+-------+-------++-------
  Melee: Unarmed           |    14 |       |       ||    14
         Trident           |       |       |     9 ||     9
   Cast: Sandblast         |    66 |    75 |    91 ||   232
         Stone Arrow       |       |       |     6 ||     6
         Poisonous Vapours |       |       |     4 ||     4
 Armour: Robe              |     8 |     3 |    16 ||    27
  Dodge: Dodged            |    28 |    22 |    48 ||    98

Levels and vault maps discovered:
D:1:      spicycebolla_arrival_xxxplode, layout_loops_ring, minmay_cupped
D:2:      layout_rooms
D:3:      layout_loops_ring, minmay_door_square, minmay_pentomino_pile
D:4:      layout_basic, general_overflow_altar
D:5:      layout_loops_ring, minmay_temple_entry_metal_lava, serial_shops, shop,
          minmay_divided_ellipse
D:6:      minmay_octagon_keep, layout_basic, serial_shops, shop
D:7:      old_forge, layout_basic, fedhas_altar_fruit_tree, uniq_duvessa

Notes
Turn   | Place    | Note
-------+----------+-------------------------------------------
     0 | D:1      | sanka the Demigod Earth Elementalist began the quest for
                  | the Orb.
     0 | D:1      | Reached XP level 1. HP: 14/14 MP: 5/5
   135 | D:1      | Reached skill level 3 in Earth Magic
   246 | D:1      | Reached XP level 2. HP: 20/20 MP: 5/7
   332 | D:1      | Reached skill level 2 in Spellcasting
   779 | D:1      | Reached XP level 3. HP: 24/26 MP: 3/9
  1532 | D:2      | Learned a level 2 spell: Passwall
  1536 | D:2      | Learned a level 3 spell: Stone Arrow
  1547 | D:2      | Reached skill level 4 in Earth Magic
  1547 | D:2      | Reached XP level 4. HP: 33/33 MP: 7/10
  1959 | D:3      | Reached skill level 3 in Spellcasting
  2327 | D:3      | Noticed a black bear
  2333 | D:3      | Killed a black bear
  2334 | D:3      | Reached skill level 5 in Earth Magic
  2334 | D:3      | Reached XP level 5. HP: 34/38 MP: 7/12
  3111 | D:4      | Reached XP level 6. HP: 41/45 MP: 7/13
  3238 | D:4      | Reached skill level 6 in Earth Magic
  3475 | D:5      | Entered Level 5 of the Dungeon
  3627 | D:5      | Noticed a wyvern
  3630 | D:5      | Reached skill level 7 in Earth Magic
  3630 | D:5      | Reached XP level 7. HP: 50/50 MP: 11/14
  3644 | D:5      | Killed a wyvern
  3645 | D:5      | Reached skill level 8 in Earth Magic
  3825 | D:5      | Reached skill level 2 in Dodging
  3826 | D:5      | Reached skill level 1 in Fighting
  4001 | D:5      | Found Femaigic's Distillery.
  4013 | D:5      | Reached skill level 2 in Fighting
  4015 | D:5      | Reached skill level 3 in Dodging
  4134 | D:5      | Found a staircase to the Ecumenical Temple.
  4280 | D:5      | Reached XP level 8. HP: 62/62 MP: 11/15
  4566 | D:6      | Reached skill level 3 in Fighting
  4753 | D:6      | Reached skill level 4 in Dodging
  4989 | D:6      | Reached skill level 4 in Fighting
  5044 | D:6      | Reached skill level 5 in Dodging
  5137 | D:6      | Found Jarghekke's Antique Armour Shoppe.
  5837 | D:7      | Reached skill level 5 in Fighting
  6025 | D:7      | Noticed a boulder beetle
  6160 | D:7      | Learned a level 2 spell: Poisonous Vapours
  6200 | D:7      | Slain by a boulder beetle

Vanquished Creatures
  A wyvern (D:5)
  An orc warrior (D:6)
  A black bear (D:3)
  2 ice beasts (D:5)
  An ogre (D:6)
  2 phantoms
  A kobold brigand (D:7)
  3 necrophages (D:5)
  2 gnoll sergeants
  3 scorpions
  2 wights (D:6)
  6 hounds
  4 jellies
  2 iguanas
  13 gnolls
  8 adders
  An ufetubus (D:5)
  A worm (D:3)
  4 dart slugs
  7 orcs
  3 ball pythons
  6 bats
  6 endoplasms
  3 giant cockroaches
  14 goblins
  5 hobgoblins
  8 jackals
  2 quokkas
  4 frilled lizards
  15 kobolds
  7 rats
138 creatures vanquished.
